 Dungeon Crawl Stone Soup version 0.27.1-16-g815e20cd7a (webtiles) character file.

Game seed: 6502297473022649613

63 Descartes the Ducker (level 3, -4/16 HPs)
             Began as a Felid Warper on Nov 22, 2021.
             Slain by an orc priest (6 damage)
             ... on level 3 of the Dungeon.
             The game lasted 00:03:39 (2615 turns).

Descartes the Ducker (Felid Warper)                 Turns: 2615, Time: 00:03:40

Health: -4/16      AC:  1    Str:  8    XL:     3   Next: 87%
Magic:  7/7        EV: 19    Int: 14    God:
Gold:   109        SH:  0    Dex: 15    Spells: 4/6 levels left
                                        Lives:  0   Deaths: 1

rFire    + . .     SeeInvis +     - Unarmed
rCold    . . .     Faith    .   (shield unavailable)
rNeg     . . .     Spirit   .   (armour unavailable)
rPois    .         Reflect  .   (helmet unavailable)
rElec    .         Harm     .   (cloak unavailable)
rCorr    .         Rampage  .   (gloves unavailable)
Will     .....                  (boots unavailable)
Stlth    ++........             h - amulet of magic regeneration
HPRegen  0.05/turn              c - ring of protection from fire
MPRegen  0.35/turn              (no ring)

@: weak-willed, quick
A: very small, claws 1, fangs 3, see invisible, speed 1, shaggy fur 1, stealthy
paws, no weapons or thrown items, no armour, multi-lived
a: no special abilities


You were on level 3 of the Dungeon.
You visited 1 branch of the dungeon, and saw 3 of its levels.

You collected 109 gold pieces.

Inventory:

Missiles
 e - 110 stones
Jewellery
 c - a ring of protection from fire (left paw)
 h - an amulet of magic regeneration (around neck)
Scrolls
 a - a scroll of blinking
 d - a scroll of enchant weapon
Potions
 b - a potion of heal wounds {unknown}
 g - a potion of magic {unknown}
 i - a potion of brilliance {unknown}
 j - 2 potions of haste


   Skills:
 - Level 2.0 Fighting
 + Level 4.7 Dodging
 + Level 3.6 Stealth
 + Level 3.3 Unarmed Combat
 - Level 2.0 Spellcasting
 - Level 4.4 Translocations


You had 4 spell levels left.
You knew the following spells:

 Your Spells              Type           Power      Damage    Failure   Level
a - Blink                 Tloc           N/A        N/A       6%          2

Your spell library contained the following spells:

 Spells                   Type           Power      Damage    Failure   Level
 Gell's Gravitas          Tloc           6%         N/A       12%         3
 Lesser Beckoning         Tloc           6%         N/A       12%         3
 Teleport Other           Tloc           13%        N/A       12%         3
 Manifold Assault         Tloc           13%        N/A       73%         5


Dungeon Overview and Level Annotations

Branches:
Dungeon (3/15)

Altars:
Sif Muna
Wu Jian
Yredelemnul

Shops:
D:3 ?


Innate Abilities, Weirdness & Mutations

You have sharp claws.
You have razor-sharp teeth.
You have supernaturally acute eyesight. (SInv)
You cover ground quickly. (Speed+)
You are covered in fur. (AC +1)
Your paws help you pounce on unaware monsters.
You are incapable of wielding weapons or throwing items.
You cannot wear armour.
You gain extra lives every three experience levels.


Message History

You are too injured to fight recklessly!
You are too injured to fight recklessly!
You are too injured to fight recklessly!
You are too injured to fight recklessly!
You are too injured to fight recklessly!
You are too injured to fight recklessly!
You are too injured to fight recklessly!
The orc priest calls down the wrath of Beogh upon you.
You barely resist.
An orc is nearby!
As you read the scroll labelled VUSETE VYMN, it crumbles to dust.
It is a scroll of enchant weapon.
You aren't carrying any weapons that can be enchanted.
As you read the scroll labelled VYNNIS ZEIFF, it crumbles to dust.
You feel aware of your surroundings.
You sensed 1 altar.
It was a scroll of magic mapping.
As you read the scroll labelled DIUBRY LYGUOPT, it crumbles to dust.
It is a scroll of brand weapon.
You aren't carrying any weapons that can be branded.
As you read the scroll labelled MEPTESCHOTHEZO, it crumbles to dust.
Magic quickly surges around you.
It was a scroll of vulnerability.
You scratch the orc.
The orc is severely wounded.
The orc closely misses you.
You barely miss the orc. You bite the orc.
The orc is almost dead.
The orc barely misses you.
You scratch the orc.
You kill the orc!
You scratch the orc priest.
The orc priest is moderately wounded.
You scratch the orc priest but do no damage.
The orc priest is moderately wounded.
The orc priest invokes the aid of Beogh against you.
Pain shoots through your body!
* * * LOW HITPOINT WARNING * * *
You closely miss the orc priest.
The orc priest is moderately wounded.
The orc priest hits you with a +0 falchion.
You die...

#.#.# #o###**### *o# *, #.#.# #.#
**,,,** *S# *, #.#.#
#.#**,,,,,***o# **
#.#†#######o#*,,,,,,,**.# *
#.#.........##,,,_,,,,,.#
#.#########..#,,,,,,,*,,* #.#
#.##*,,,,,***** #.# #o####,,,**,*
##.# #.So@#*****,* #..# ######
*,**,* #.## *,**,** ##.########*
*,,,,,* #..........* *,,*,,*
#..#######.* *,,*,,* #..# ****,**
*,,*,,******** #..#
#.....##******,,*,,,,,,,,,,
#..#***......,,,,,,,,,*,********,


You could see an orc priest, an orc and a ball python.

Vanquished Creatures
  A bullfrog skeleton (D:3)
  An orc wizard (D:3)
  An adder (D:3)
  2 worms
  3 dart slugs
  5 orcs (D:3)
  3 ball pythons
  2 giant cockroaches
  7 goblins
  A hobgoblin (D:1)
  5 quokkas
  7 bats
  3 frilled lizards
  A kobold (D:3)
  5 rats
47 creatures vanquished.

Notes
Turn   | Place    | Note
-------+----------+-------------------------------------------
     0 | D:1      | Descartes the Felid Warper began the quest for the Orb.
     0 | D:1      | Reached XP level 1. HP: 9/9 MP: 4/4
   287 | D:1      | Found a faded altar of an unknown god.
   344 | D:1      | Reached skill level 1 in Stealth
   446 | D:1      | Reached XP level 2. HP: 12/13 MP: 6/6
  1338 | D:2      | Learned a level 2 spell: Blink
  1379 | D:2      | Reached XP level 3. HP: 14/16 MP: 7/7
  1801 | D:2      | Found a shimmering blue altar of Sif Muna.
  1973 | D:3      | Reached XP level 4. HP: 8/19 MP: 8/8
  2143 | D:3      | Found Xajokaud's Magic Scroll Shop.
  2466 | D:3      | Found an ornate altar of the Wu Jian Council.
  2466 | D:3      | Found a basalt altar of Yredelemnul.
  2521 | D:3      | Killed from afar by an orc wizard
  2522 | D:3      | Reached XP level 3. HP: -1/16 MP: 7/7
  2615 | D:3      | Slain by an orc priest

Illustrated notes

Levels and vault maps discovered:
D:1:      dpeg_arrival_rooms_a, layout_loops_corners,
          ebering_ecumenical_altar_ruins, feat_on_display
D:2:      layout_basic, basic_altar
D:3:      layout_loops_ring, gammafunk_temple_overflow_wave, lemuel_round_altar,
          serial_shops, nicolae_diamond_shop

Skill      XL: |  1  2  3 |
---------------+----------+-----
Stealth        | 1 2 3 |  3.6
Dodging        | 4 |  4.7
Unarmed Combat | 3 |  3.3
Fighting       | |  2.0
Spellcasting   | |  2.0
Translocations | |  4.4

Action                   |  1- 3 |  4- 6 || total
-------------------------+-------+-------++-------
Melee: Unarmed           |   122 |    53 ||   175
       Bite              |    13 |     6 ||    19
  Use: Scroll            |     4 |       ||     4
 Stab: Sleeping          |     6 |       ||     6
       Distracted        |     1 |       ||     1
Armor: Skin              |     7 |     1 ||     8
Dodge: Dodged            |    95 |    38 ||   133
